 Seeded DCSS version 0.29-a0-923-g6e406bff71 (webtiles) character file.

Game seed: 20220728 (custom seed)

56080 purpskrrrp the Severer (level 14, -14/154 HPs)
             Began as a Hill Orc Fighter on July 28, 2022.
             Was a High Priest of Ashenzari.
             Killed from afar by Azrael (22 damage)
             ... with a fireball
             ... on level 15 of the Dungeon.
             The game lasted 00:46:26 (16366 turns).

purpskrrrp the Severer (Hill Orc Fighter)          Turns: 16366, Time: 00:46:26

Health: -14/154    AC: 28    Str: 30    XL:     14   Next: 80%
Magic:  17/17      EV: 14    Int:  8    God:    Ashenzari [*****.]
Gold:   304        SH:  8    Dex: 20    Spells: 17/17 levels left

rFire   + . .      SeeInvis +   E - +11 hand axe of the Prophetic Vision {protect, rElec rPois Will+, Elem, Melee} (curse)
rCold   + . .      Faith    .   c - +0 buckler "Eternal Together" {Bglg, Elem} (curse)
rNeg    . . .      Spirit   .   g - +0 scale mail of the Fated Paranoia {rF+, Range, Evo} (curse)
rPois   +          Reflect  .   s - +0 helmet "Prophetic Seeker" {Range, Fort} (curse)
rElec   +          Harm     .   x - +1 cloak of the Mantic Mistrust {rC+ Will- Dex+4, Self, Bglg} (curse)
rCorr   .          Rampage  .   X - +2 pair of gloves "Cursed Bad Feelings" {Evo, Self} (curse)
Will    +....      Clarity  +   N - +2 pair of boots of the Shattered Disgust {Stlth+, Self, Elem} (curse)
Stlth   +++.......              (no amulet)
HPRegen 0.35/turn               C - ring of the Perceptive Gnosis {Str+6, Fort, Alch} (curse)
MPRegen 0.15/turn               H - ring of the Prescient Sphere {Dex+6, Melee, Cun} (curse)

@: under a protective aura, unable to drink
A: talons 1, robust 1, inability to drink while threatened 1
a: Renounce Religion, Curse Item, Shatter the Chains


You were on level 15 of the Dungeon.
You worshipped Ashenzari.
Ashenzari was extremely pleased with you.
You visited 1 branch of the dungeon, and saw 15 of its levels.
You also visited: Sewer.

You collected 923 gold pieces.
You spent 619 gold pieces at shops.

Inventory:

Hand Weapons
 a - a +0 war axe of protection
 y - a +4 hand axe
 D - a +0 longbow
 E - the cursed +11 hand axe of the Prophetic Vision (weapon) {protect, rElec rPois Will+, Elem, Melee}
   (You found it on level 7 of the Dungeon)

   It grants its wielder temporary protection when it strikes (+7 to AC).
   rElec:     It insulates you from electricity.
   rPois:     It protects you from poison.
   Will:      It increases your willpower.
   It has a curse which improves the following skills: Elements: Fire Magic, Ice
   Magic, Air Magic and Earth Magic.
   Melee Combat: Short Blades, Long Blades, Axes, Maces & Flails, Polearms,
   Staves and Unarmed Combat.
 P - the +6 shillelagh "Devastator" {shatter}
   (You found it on level 11 of the Dungeon)

   It releases a powerful concussive burst when it strikes, dealing extra damage
   to the target and all other foes adjacent to them.
Missiles
 e - 16 boomerangs
 h - 69 poisoned darts (quivered)
 o - 6 javelins
Armour
 b - a +1 scale mail
 c - the cursed +0 buckler "Eternal Together" (worn) {Bglg, Elem}

   It has a curse which improves the following skills: Beguiling: Conjurations,
   Hexes and Translocations.
   Elements:  Fire Magic, Ice Magic, Air Magic and Earth Magic.
 g - the cursed +0 scale mail of the Fated Paranoia (worn) {rF+, Range, Evo}
   (You found it on level 1 of the Dungeon)

   It has a curse which improves the following skills: Ranged Combat: Ranged
   Weapons and Throwing.
   Evocations: Evocations.
 s - the cursed +0 helmet "Prophetic Seeker" (worn) {Range, Fort}
   (You found it on level 3 of the Dungeon)

   It has a curse which improves the following skills: Ranged Combat: Ranged
   Weapons and Throwing.
   Fortitude: Armour and Shields.
 x - the cursed +1 cloak of the Mantic Mistrust (worn) {rC+ Will- Dex+4, Self, Bglg}
   (You acquired it on level 5 of the Dungeon)

   Dex:       It affects your dexterity (+4).
   rC:        It protects you from cold.
   Will:      It decreases your willpower.
   It has a curse which improves the following skills: Introspection: Fighting
   and Spellcasting.
   Beguiling: Conjurations, Hexes and Translocations.
 N - the cursed +2 pair of boots of the Shattered Disgust (worn) {Stlth+, Self, Elem}
   (You bought it in a shop on level 10 of the Dungeon)

   It has a curse which improves the following skills: Introspection: Fighting
   and Spellcasting.
   Elements:  Fire Magic, Ice Magic, Air Magic and Earth Magic.
 T - a +2 pair of boots of rampaging
 X - the cursed +2 pair of gloves "Cursed Bad Feelings" (worn) {Evo, Self}
   (You bought it in a shop on level 10 of the Dungeon)

   It has a curse which improves the following skills: Evocations: Evocations.
   Introspection: Fighting and Spellcasting.
Jewellery
 B - a ring of protection from fire
 C - the cursed ring of the Perceptive Gnosis (left hand) {Str+6, Fort, Alch}
   (You found it on level 7 of the Dungeon)

   [ring of strength]

   Str:       It affects your strength (+6).
   It has a curse which improves the following skills: Fortitude: Armour and
   Shields.
   Alchemy:   Poison Magic and Transmutations.
 F - a ring of positive energy
 G - an amulet of faith
 H - the cursed ring of the Prescient Sphere (right hand) {Dex+6, Melee, Cun}
   (You found it on level 8 of the Dungeon)

   [ring of dexterity]

   Dex:       It affects your dexterity (+6).
   It has a curse which improves the following skills: Melee Combat: Short
   Blades, Long Blades, Axes, Maces & Flails, Polearms, Staves and Unarmed
   Combat.
   Cunning:   Dodging and Stealth.
 M - a ring of positive energy
 V - a ring of wizardry
Wands
 i - a wand of charming (20)
 k - a wand of digging (4)
 u - a wand of roots (9)
 R - a wand of light (1)
 U - a wand of flame (13)
Scrolls
 d - 5 scrolls of teleportation
 j - 16 scrolls of identify
 l - 2 scrolls of amnesia
 m - 7 scrolls of blinking
 n - 3 scrolls of enchant armour
 p - 4 scrolls of fear
 q - 3 scrolls of silence
 r - 3 scrolls of magic mapping
 v - a scroll of vulnerability
 J - 2 scrolls of poison
 W - a scroll of summoning
Potions
 f - 2 potions of heal wounds
 t - 4 potions of curing
 w - a potion of berserk rage
 z - a potion of invisibility
 A - a potion of haste
 I - 3 potions of flight
 K - a potion of magic
 L - a potion of ambrosia
 O - a potion of might
 Q - 2 potions of brilliance
Miscellaneous
 S - a condenser vane


   Skills:
 + Level 12.7(17.2) Fighting
 + Level 0.8(2.6) Short Blades
 + Level 0.9(2.8) Long Blades
 * Level 20.7(23.8) Axes
 + Level 0.9(11.9) Polearms
 + Level 0.6(2.2) Staves
 + Level 0.6(2.1) Ranged Weapons
 + Level 0.6(2.1) Throwing
 + Level 10.4(13.9) Armour
 + Level 4.2(6.3) Dodging
 + Level 3.7(5.8) Stealth
 + Level 8.9(12.4) Shields
 + Level 0.9(2.7) Unarmed Combat
 + Level 0.4(2.0) Spellcasting
 + Level 0.8(2.5) Conjurations
 + Level 0.8(2.5) Hexes
 + Level 0.8 Summonings
 + Level 0.8 Necromancy
 + Level 0.5(1.9) Translocations
 + Level 0.4(1.3) Transmutations
 + Level 1.4(4.2) Fire Magic
 + Level 0.6(2.5) Ice Magic
 + Level 0.5(2.2) Air Magic
 + Level 0.8(3.0) Earth Magic
 + Level 1.1(2.5) Poison Magic
 + Level 1.7 Invocations
 * Level 5.2(8.6) Evocations


You had 17 spell levels left.
You didn't know any spells.
Your spell library contained the following spells:

 Spells                   Type           Power      Damage    Failure   Level
 Poisonous Vapours        Pois/Air       8%         N/A       38%         2
 Dazzling Flash           Conj/Hex       8%         N/A       58%         3
 Iskenderun's Mystic Bla  Conj/Tloc      4%         2d3       95%         4
 Corpse Rot               Necr/Pois/Air  3%         N/A       97%         4
 Animate Dead             Necr           2%         N/A       99%         4
 Freezing Cloud           Conj/Ice/Air   2%         6-21      100%        5
 Starburst                Conj/Fire      3%         6d3       100%        6
 Haunt                    Necr/Summ      1%         N/A       100%        7
 Infestation              Necr           1%         N/A       100%        8


Dungeon Overview and Level Annotations

Branches:
Dungeon (15/15)            Temple (0/1) D:6            Lair (0/5) D:8
    Orc (0/2) D:11         Vaults (0/5) D:13          Sewer (visited)
 Depths: D:15

Altars:
Ashenzari
Fedhas
Hepliaklqana
Ru
Sif Muna
Trog
Vehumet
Zin

Shops:
D:5 (([*(   D:10 :[   D:15 *

Annotations:
D:15 Azrael


Innate Abilities, Weirdness & Mutations

You have sharp toenails.
You are robust. (+10% HP)
You occasionally lose the ability to drink potions when taking damage.


Message History

Azrael is moderately wounded.
You closely miss the hell hound. You slash the fire elemental!
You destroy the fire elemental!
The hell hound breathes flames at you. The blast of flame misses you.
Azrael hits you with a +0 scimitar of flaming.
You slash Azrael!
Azrael is moderately wounded.
You closely miss the hell hound. You block the hell hound's attack.
Azrael gestures at you. The sticky flame hits you. You resist.
You are covered in liquid flames!
You hit Azrael but do no damage.
Azrael is moderately wounded.
You slash the hell hound!
You are covered in liquid flames!
The hell hound barely misses you.
You slice Azrael!!
Azrael is heavily wounded.
You hit the hell hound.
You kill the hell hound!
You are covered in liquid flames!
Azrael gestures at you. The bolt of fire hits you! You resist.
You hit Azrael.
Azrael is heavily wounded.
You are covered in liquid flames!
A tengu warrior comes into view. It is wielding a +0 great sword.
You barely miss Azrael.
Azrael is heavily wounded.
Azrael gestures at you.
The sphere of damnation explodes!
The damnation engulfs you!!!
* * * LOW HITPOINT WARNING * * *
The damnation engulfs Azrael.
Azrael completely resists.
You slice Azrael!!
Azrael is severely wounded.
Azrael gestures at you.
The fireball explodes!
The fireball engulfs you!! You resist.
You feel threatened and lose the ability to drink potions!
You die...

*#.######.# * , ***
##.######.## * * ,
...#.........###
*,,, ,, ,, *
#........<##### *
**
,.............#####
* * * , *
##.#########$#####
,
.∩..$..#†#...###.#*
* , , ,*,* **
####.#.†.^......, ,
, ,, , , ,
{#.#..@..##...,, ,
,,, *, * #.#..R..#*
,, * * ,* ,, ∆,,
#+#.°...... ,,, , ,
, ,,** ............
*** , ,,
............. *** *
* ** , ,*
#............. , ,,
, , , ,,*
#(....Q....... * *
***
#.............****
* * , , , ,* * ,


You could see Azrael and a tengu warrior.

Vanquished Creatures
  5 boulder beetles
  A catoblepas (D:13)
  2 hydras
  4 two-headed ogres
  3 centaur warriors
  3 skeletal warriors (D:14)
  A wizard (D:13)
  5 deep elf pyromancers
  5 deep elf zephyrmancers
  2 manticores (D:13)
  11 ugly things (D:14)
  2 cyclopes
  An elephant (D:8)
  Maurice (D:9)
  Maggie (D:9)
  An unseen horror (shapeshifter) (D:14)
  2 gargoyles
  2 freezing wraiths (D:13)
  4 kobold demonologists
  An efreet (D:14)
  A komodo dragon (D:12)
  8 trolls
  A troll (shapeshifter) (D:13)
  Prince Ribbit (D:6)
  A hornet (D:7)
  12 slime creatures
  A centaur simulacrum (D:13)
  2 shadows (D:10)
  3 fire elementals (D:15)
  4 wyverns
  A vampire (D:10)
  A human (D:10)
  3 hogs (D:10)
  3 steam dragons
  Eustachio (D:4)
  11 yaks
  A basilisk (D:8)
  2 wargs (D:11)
  2 acid dragons
  5 hell hounds (D:15)
  2 water moccasins
  A black bear (D:8)
  3 orc warriors
  3 sky beasts
  The ghost of Tollund the Shield-Bearer, an amateur FoFi (D:3)
  8 centaurs
  A phantom (D:5)
  Blork the orc (D:6)
  9 kobold brigands
  3 bullfrogs
  2 gnoll sergeants
  2 scorpions
  8 wights
  4 killer bees (D:10)
  4 howler monkeys
  An electric eel (D:9)
  A lava snake (D:9)
  7 orc priests
  2 jellies
  A gnoll bouda (D:8)
  5 hounds (D:5)
  4 iguanas
  9 orc wizards
  21 gnolls
  11 adders
  2 river rats (Sewer)
  A white imp (D:7)
  3 worms
  35 orcs
  3 bats
  11 endoplasms
  3 giant cockroaches
  5 goblins
  7 hobgoblins
  4 jackals (D:5)
  30 kobolds
  2 quokkas
  7 ball pythons
  8 rats
356 creatures vanquished.

Vanquished Creatures (others)
  5 fungi
5 creatures vanquished.

Grand Total: 361 creatures vanquished

Notes
Turn   | Place    | Note
-------+----------+-------------------------------------------
     0 | D:1      | purpskrrrp the Hill Orc Fighter began the quest for the
                  | Orb.
     0 | D:1      | Reached XP level 1. HP: 19/19 MP: 1/1
   523 | D:1      | Reached XP level 2. HP: 24/27 MP: 2/2
   620 | D:1      | Reached skill level 3 in Axes
   716 | D:1      | Found a faded altar of an unknown god.
   757 | D:1      | Prayed at the altar of an unknown god.
   757 | D:1      | Became a worshipper of Ashenzari the Shackled
  1547 | D:2      | Reached XP level 3. HP: 33/33 MP: 3/3
  1588 | D:2      | Reached * piety under Ashenzari
  1943 | D:2      | Reached skill level 4 in Axes
  1943 | D:2      | Reached XP level 4. HP: 34/40 MP: 4/4
  2333 | D:3      | Noticed a kobold brigand
  2354 | D:3      | Found a runed translucent gate.
  2384 | D:3      | Reached ** piety under Ashenzari
  2388 | D:3      | Found a runed translucent gate.
  2388 | D:3      | Found a runed translucent gate.
  2389 | D:3      | Noticed Tollund's ghost (amateur FoFi)
  2822 | D:4      | Noticed an acid dragon
  2826 | D:4      | Killed an acid dragon
  2827 | D:4      | Reached skill level 6 in Axes
  2827 | D:4      | Reached XP level 5. HP: 42/46 MP: 5/5
  2913 | D:4      | Found a bloodstained altar of Trog.
  2921 | D:4      | Reached XP level 6. HP: 52/52 MP: 6/6
  3051 | D:4      | Noticed Eustachio
  3087 | D:4      | Killed Eustachio
  3088 | D:4      | Reached skill level 7 in Axes
  3312 | D:4      | Reached XP level 7. HP: 43/60 MP: 7/7
  3518 | D:4      | Reached skill level 8 in Axes
  3805 | D:5      | Entered Level 5 of the Dungeon
  3875 | D:5      | Found Weocob's Antique Weapon Shoppe.
  3996 | D:5      | Found Ygguceiluo's Armour Shop.
  3998 | D:5      | Found Himuushro's Weapon Boutique.
  4035 | D:5      | Found Ytogiy Teib's Assorted Antiques.
  4048 | D:5      | Bought a scroll labelled QECI MAENAMO for 25 gold pieces
  4048 | D:5      | Bought a scroll labelled GENUOT BY QICU for 25 gold pieces
  4065 | D:5      | Identified a scroll of acquirement
  4170 | D:5      | Acquired the +1 cloak "Dehar" {rC+ Will- Dex+4}
  4373 | D:5      | Reached skill level 9 in Axes
  4451 | D:5      | Reached skill level 5 in Fighting
  4451 | D:5      | Reached skill level 5 in Armour
  4499 | D:5      | Reached XP level 8. HP: 68/70 MP: 8/8
  4555 | D:5      | Found Hisiniz's Antique Weapon Boutique.
  4917 | D:6      | Reached skill level 10 in Axes
  4984 | D:6      | Found a glowing drain.
  5010 | Sewer    | Entered a sewer
  5465 | Sewer    | Reached skill level 11 in Axes
  5646 | Sewer    | Gained mutation: You have sharp toenails. [potion of
                  | mutation]
  5646 | Sewer    | Gained mutation: You are robust. (+10% HP) [potion of
                  | mutation]
  5646 | Sewer    | Gained mutation: You occasionally lose the ability to drink
                  | potions when taking damage. [potion of mutation]
  5806 | D:6      | Found a staircase to the Ecumenical Temple.
  5832 | D:6      | Noticed Blork the orc
  5834 | D:6      | Reached XP level 9. HP: 84/86 MP: 9/9
  5842 | D:6      | Killed Blork the orc
  5843 | D:6      | Reached skill level 12 in Axes
  5843 | D:6      | Reached skill level 5 in Shields
  5887 | D:6      | Noticed Prince Ribbit
  5896 | D:6      | Killed Prince Ribbit
  6223 | D:6      | Reached skill level 13 in Axes
  6505 | D:6      | Found a glowing silver altar of Zin.
  6508 | D:6      | Found a sacrificial altar of Ru.
  6509 | D:6      | Found a blossoming altar of Fedhas.
  6511 | D:6      | Found a radiant altar of Vehumet.
  6860 | D:7      | Noticed a hornet
  6862 | D:7      | Paralysed by a hornet for 1 turns
  6870 | D:7      | Killed a hornet
  7155 | D:7      | Identified the +11 hand axe of Mourning {protect, rElec
                  | rPois Will+}
  7159 | D:7      | Identified the +0 robe of Midnight {-Cast Harm Slay+5}
  7168 | D:7      | Reached *** piety under Ashenzari
  7413 | D:7      | Reached skill level 14 in Axes
  7641 | D:8      | Identified the Handbook of Arcane Weapons
  7678 | D:8      | Noticed an elephant
  7679 | D:8      | Found a staircase to the Lair.
  7687 | D:8      | Reached XP level 10. HP: 83/96 MP: 10/10
  7695 | D:8      | Killed an elephant
  7696 | D:8      | Reached skill level 15 in Axes
  8476 | D:9      | Reached **** piety under Ashenzari
  8558 | D:9      | Reached skill level 16 in Axes
  8767 | D:9      | Noticed Maggie
  8773 | D:9      | Killed Maggie
  8853 | D:9      | Noticed Maurice
  8866 | D:9      | Killed Maurice
  8917 | D:9      | Noticed a two-headed ogre
  8926 | D:9      | Killed a two-headed ogre
  8927 | D:9      | Reached skill level 1 in Dodging
  8927 | D:9      | Reached XP level 11. HP: 88/110 MP: 11/11
  9430 | D:10     | Entered Level 10 of the Dungeon
  9440 | D:10     | Found a hazy altar of Hepliaklqana.
  9763 | D:10     | Found Osaelopn's Armour Boutique.
  9771 | D:10     | Bought a +2 pair of boots of stealth for 322 gold pieces
  9869 | D:10     | Reached skill level 17 in Axes
  9962 | D:10     | Noticed a two-headed ogre
  9969 | D:10     | Killed a two-headed ogre
 10085 | D:10     | Reached ***** piety under Ashenzari
 10217 | D:10     | Found Rywnocvegu's Vocational Training.
 10257 | D:10     | Reached skill level 1 in Stealth
 10503 | D:11     | Noticed a two-headed ogre
 10514 | D:11     | Killed a two-headed ogre
 10749 | D:11     | Noticed a deep elf zephyrmancer
 10750 | D:11     | Noticed a deep elf pyromancer
 10751 | D:11     | Noticed a deep elf zephyrmancer
 10751 | D:11     | Noticed a deep elf pyromancer
 10751 | D:11     | Noticed a deep elf pyromancer
 10751 | D:11     | Noticed a deep elf zephyrmancer
 10752 | D:11     | Noticed a deep elf pyromancer
 10752 | D:11     | Noticed a deep elf zephyrmancer
 10755 | D:11     | Killed a deep elf zephyrmancer
 10764 | D:11     | Killed a deep elf pyromancer
 10765 | D:11     | Reached skill level 10 in Fighting
 10768 | D:11     | Killed a deep elf zephyrmancer
 10769 | D:11     | Reached skill level 18 in Axes
 10769 | D:11     | Reached XP level 12. HP: 104/126 MP: 12/12
 10946 | D:11     | Found the +6 shillelagh "Devastator" {shatter}
 11144 | D:11     | Found a staircase to the Orcish Mines.
 11459 | D:12     | Noticed a boulder beetle
 11475 | D:12     | Found a transporter.
 11476 | D:12     | Found a transporter.
 11477 | D:12     | Noticed a boulder beetle
 11477 | D:12     | Noticed a boulder beetle
 11760 | D:12     | Noticed a boulder beetle
 11793 | D:12     | Killed a boulder beetle
 12115 | D:12     | Noticed a four-headed hydra
 12128 | D:12     | Killed an 11-headed hydra
 12380 | D:12     | Reached skill level 19 in Axes
 12716 | D:12     | Killed a boulder beetle
 12732 | D:12     | Killed a boulder beetle
 12733 | D:12     | Reached skill level 1 in Evocations
 12746 | D:12     | Killed a boulder beetle
 13034 | D:3      | Killed Tollund's ghost
 13385 | D:13     | Noticed a catoblepas
 13431 | D:13     | Killed a catoblepas
 13680 | D:13     | Identified the +1 scale mail of Greed {rElec}
 13815 | D:13     | Reached XP level 13. HP: 137/137 MP: 13/13
 13883 | D:13     | Reached skill level 10 in Armour
 14069 | D:13     | Reached skill level 1 in Fire Magic
 14069 | D:13     | Reached skill level 1 in Poison Magic
 14069 | D:13     | Reached skill level 1 in Invocations
 14069 | D:13     | Reached XP level 14. HP: 148/148 MP: 13/16
 14108 | D:13     | Found a gate to the Vaults.
 14358 | D:13     | Reached skill level 20 in Axes
 14648 | D:10     | Bought a +2 pair of gloves for 247 gold pieces
 15701 | D:14     | Reached skill level 5 in Evocations
 16062 | D:14     | Found a shimmering blue altar of Sif Muna.
 16283 | D:15     | Entered Level 15 of the Dungeon
 16285 | D:15     | Found Hiedaisa's General Store.
 16348 | D:15     | Noticed Azrael
 16366 | D:15     | Killed from afar by Azrael

Illustrated notes

Levels and vault maps discovered:
D:1:      dpeg_arrival_erosion, layout_basic, ebering_ecumenical_altar_abandoned
D:2:      layout_basic
D:3:      layout_loops_ring, gammafunk_ghost_nasty_kobolds
D:4:      layout_gridville, lemuel_tele_altar, st_stairs_3, uniq_eustachio
D:5:      minmay_evil_eye, layout_basic, serial_shops, nicolae_diamond_shop,
          shop_fountains, shop, shop, nicolae_shop_advertising_works
          [nicolae_subvault_shop_adworks]
D:6:      layout_basic, minitemple, minmay_temple_entry_mist,
          cheibrodos_sewer_entry_bend, uniq_blork_the_orc, uniq_prince_ribbit1
D:7:      layout_gridville, serial_glass, glass_columns_a, glass_columns_a,
          hangedman_abyss_or_decor_passed
D:8:      layout_basic, david_lair_generic
D:9:      layout_roguey, serial_rivers, chequers_serial_rivers_micro_b,
          chequers_serial_rivers_room_b, chequers_serial_rivers_large_b,
          chequers_serial_rivers_room_b, chequers_serial_rivers_micro_c,
          chequers_serial_rivers_room_a, nicolae_lava_and_water, uniq_maurice,
          uniq_maggie
D:10:     kennysheep_six_static_rooms, layout_irregular_city,
          worldfamousw_hep_ancestral_shrine, grunt_ministairs_15,
          nicolae_stop_n_shop_2, grunt_livestock, nicolae_shop_vocational
D:11:     layout_irregular_city, david_orc_1_choice, elves_outpost_lemuel
D:12:     gammafunk_boulding_lane, layout_basic
D:13:     layout_roguey, david_vaults_1, kb_rosetta
D:14:     layout_irregular_city, lemuel_blue_sif_altar
D:15:     hangedman_depths_entry_civil_slaughter, layout_basic, serial_shops,
          shop, okawaru_trees_2, uniq_azrael

Skill      XL: |  1  2  3  4  5  6  7  8  9 10 11 12 13 14 |
---------------+-------------------------------------------+-----
Axes           | 3 4 6 7 9 11 14 16 18 19 20 | 20.7
Fighting       | 4 5 6 8 10 11 12 | 12.7
Armour         | 4 5 6 8 9 10 | 10.4
Shields        | 4 5 6 7 8 |  8.9
Dodging        | 1 2 3 4 |  4.2
Stealth        | 1 2 3 |  3.7
Evocations     | 2 3 5 |  5.2
Fire Magic     | 1 |  1.4
Poison Magic   | 1 |  1.1
Invocations    | 1 |  1.7
Short Blades   | |  0.8
Long Blades    | |  0.9
Polearms       | |  0.9
Staves         | |  0.6
Ranged Weapons | |  0.6
Throwing       | |  0.6
Unarmed Combat | |  0.9
Spellcasting   | |  0.4
Conjurations   | |  0.8
Hexes          | |  0.8
Summonings     | |  0.8
Necromancy     | |  0.8
Translocations | |  0.5
Transmutations | |  0.4
Ice Magic      | |  0.6
Air Magic      | |  0.5
Earth Magic    | |  0.8

Action                   |  1- 3 |  4- 6 |  7- 9 | 10-12 | 13-15 || total
-------------------------+-------+-------+-------+-------+-------++-------
Melee: War axe           |    64 |    92 |   345 |       |       ||   501
       Kick              |       |       |    24 |    45 |       ||    69
       Hand axe          |       |       |    21 |   475 |   280 ||   776
Invok: Curse Item        |     2 |     1 |     2 |     3 |     1 ||     9
  Use: Scroll            |     3 |       |     3 |     1 |       ||     7
       Potion            |       |     2 |     1 |     3 |     1 ||     7
 Stab: Sleeping          |       |       |       |     4 |     4 ||     8
       Distracted        |       |       |       |     1 |       ||     1
Armor: Scale mail        |    37 |    85 |   148 |   166 |   148 ||   584
Dodge: Dodged            |    34 |    87 |   113 |   144 |   129 ||   507
Block: Buckler           |    19 |    33 |    72 |   108 |    98 ||   330

Table legend: (Time is in decaauts)
 A = Elapsed time spent in this place.
 B = Non-inter-level travel time spent in this place.
 C = Inter-level travel time spent in this place.
 D = Time resting spent in this place.
 E = Time spent auto-exploring this place.
 F = Levels seen in this place.
 G = Mean time per level.
                   A        B        C        D        E       F      G
               +--------+--------+--------+--------+--------+-----+--------+
         Total |  16356 |  15485 |    871 |    652 |  11848 |  16 | 1022.2 |
       Dungeon |  15479 |  14608 |    871 |    652 |  11269 |  15 | 1031.9 |
         Sewer |    876 |    876 |      0 |      0 |    579 |   1 |  876.0 |
               +--------+--------+--------+--------+--------+-----+--------+

Top non-repeatable levels by time:
    D:14: 1421 daAuts
    D:13: 1371 daAuts
    D:12: 1362 daAuts
     D:1: 1307 daAuts
     D:5: 1150 daAuts
    D:11: 1101 daAuts
     D:6: 1078 daAuts
     D:9: 1052 daAuts
    D:10: 1051 daAuts
     D:4: 1018 daAuts
     D:7: 978 daAuts
     D:2: 922 daAuts
   Sewer: 876 daAuts
     D:8: 807 daAuts
     D:3: 785 daAuts
